 Dungeon Crawl Stone Soup version 0.27.0-1-g7a089689b8 (webtiles) character file.

Game seed: 5884392248130004977

2 H0rd4k the Caller (level 1, -1/13 HPs)
             Began as a Barachi Summoner on Aug 6, 2021.
             Slain by a jackal (3 damage)
             ... on level 1 of the Dungeon.
             The game lasted 00:00:33 (77 turns).

H0rd4k the Caller (Barachi Summoner)                  Turns: 77, Time: 00:00:34

Health: -1/13      AC:  2    Str:  9    XL:     1   Next: 40%
Magic:  0/3        EV: 12    Int: 15    God:
Gold:   10         SH:  0    Dex: 12    Spells: 3/4 levels left

rFire    . . .     SeeInvis .   (no weapon)
rCold    . . .     Faith    .   (no shield)
rNeg     . . .     Spirit   .   a - +0 robe
rPois    .         Reflect  .   (no helmet)
rElec    .         Harm     .   (no cloak)
rCorr    .         Rampage  .   (no gloves)
Will     .....                  (no boots)
Stlth    ++........             (no amulet)
HPRegen  0.04/turn              (no ring)
MPRegen  0.08/turn              (no ring)

@: unable to hop, slow
A: amphibious, slowness 1, strong legs 1, +LOS
a: Hop


You were on level 1 of the Dungeon.
You visited 1 branch of the dungeon, and saw 1 of its levels.

You collected 10 gold pieces.

Inventory:

Armour
 a - a +0 robe (worn)
Jewellery
 b - a ring of flight
Potions
 c - a potion of degeneration {unknown}


   Skills:
 + Level 2.1 Dodging
 - Level 1.7 Stealth
 * Level 2.2 Spellcasting
 * Level 5.0 Summonings


You had 3 spell levels left.
You knew the following spells:

 Your Spells              Type           Power      Damage    Failure   Level
a - Summon Small Mammal   Summ           64%        N/A       2%          1

Your spell library contained the following spells:

 Spells                   Type           Power      Damage    Failure   Level
 Call Imp                 Summ           16%        N/A       4%          2
 Call Canine Familiar     Summ           16%        N/A       9%          3
 Summon Guardian Golem    Hex/Summ       9%         N/A       24%         3
 Summon Lightning Spire   Summ/Air       9%         N/A       61%         4


Dungeon Overview and Level Annotations

Branches:
Dungeon (1/15)

Altars:


Innate Abilities, Weirdness & Mutations

You are amphibious.
You cover ground slowly.
You can hop short distances.
You have an extended range of vision and can be seen from far away.


Message History

Your quokka bites the jackal but does no damage.
The jackal bites your bat but does no damage.
Your rat barely misses the jackal.
Your bat misses the jackal.
Casting: Summon Small Mammal (safe; 3% risk of failure)
Confirm with . or Enter, or press ? or * to list all spells.
The jackal barely misses you.
Your rat closely misses the jackal.
You swap places.
Your bat hits the jackal.
Your bat hits the jackal but does no damage.
The jackal bites your rat but does no damage.
Your rat bites the jackal.
The jackal bites your rat but does no damage.
Your rat bites the jackal.
You see here a +0 leather armour.
The jackal bites your rat but does no damage.
The jackal misses you.
Your rat bites the jackal.
The jackal bites your rat.
There is an open door here.
Your bat closely misses the jackal.
Your bat hits the jackal but does no damage.
The jackal completely misses your bat.
Your quokka bites the jackal but does no damage.
The jackal bites your rat.
Your rat dies!
Your rat's corpse disappears in a puff of smoke!
The jackal closely misses your bat. The jackal barely misses you.
Your quokka bites the jackal.
The jackal dies!
There is a staircase leading out of the dungeon here.
Your bat completely misses the jackal.
The jackal completely misses your bat.
Your quokka bites the jackal.
The jackal dies!
Your Summonings skill increases to level 5!
There is an open door, spattered with blood here.
Your bat closely misses the jackal.
The jackal bites you but does no damage.
Your quokka closely misses the jackal.
There is a staircase leading out of the dungeon here.
You hit the jackal but do no damage.
The jackal is moderately wounded.
The jackal bites you.
You die...

# #. ## #####.# ...
...#.######.#
#....##....#
#..........##
#...⌠...⌠...#
#..###....###
#..#@#.......
#..#h#..#.##.
##.⌠rr.⌠.# ##...†b...#
##.....#..##
##.......#.###
#...####.............
.......'..†..........
.♣....##.........####..


You could see a jackal (ally target), a friendly quokka (summoned), a friendly
bat (summoned) and a friendly rat (summoned).

Vanquished Creatures (collateral kills)
  A giant cockroach (D:1)
  3 jackals (D:1)
4 creatures vanquished.

Notes
Turn   | Place    | Note
-------+----------+-------------------------------------------
     0 | D:1      | H0rd4k the Barachi Summoner began the quest for the Orb.
     0 | D:1      | Reached XP level 1. HP: 13/13 MP: 3/3
    76 | D:1      | Reached skill level 5 in Summonings
    77 | D:1      | Slain by a jackal

Illustrated notes

Levels and vault maps discovered:
D:1:      scummos_arrival_simple_fountains, layout_loops_corners,
          chequers_ecumenical_altar_simple_redux, minivault_5,
          serial_park_tiny_2, minmay_rat_gold_closets

Skill      XL: |  1 |
---------------+----+-----
Summonings     | 5 |  5.0
Dodging        | |  2.1
Stealth        | |  1.7
Spellcasting   | |  2.2

Action                   || total
-------------------------++-------
Melee: Unarmed           ||     2
 Cast: Summon Small Mamm ||     7
 Abil: Hop               ||     1
Armor: Robe              ||     3
Dodge: Dodged            ||     9
